 Dungeon Crawl Stone Soup version 0.31.0-11-ge490571c62 (webtiles) character file.

Game seed: 11861879257666464474

1344 MollyMolluskus the Ruffian (level 8, -3/49 (56) HPs)
             Began as an Octopode Fighter on Jan 27, 2024.
             Was a Follower of Wu Jian.
             Slain by Jeremiah
             ... wielding a +2 trident of draining
              (10 damage)
             ... on level 7 of the Dungeon.
             The game lasted 00:14:05 (3979 turns).

MollyMolluskus the Ruffian (Octopode Fighter)       Turns: 3979, Time: 00:14:05

HP:   -3/49 (56)    AC:  3    Str: 17    XL:     8   Next: 62%
MP:   17/17         EV: 14    Int: 10    God:    Wu Jian [*.....]
Gold: 401           SH:  8    Dex: 12    Spells: 7/7 levels left

rFire   . .          .
                       - Unarmed
rCold   x . .        a - +3 buckler
rNeg    . . .        l - +2 hat
rPois   .            (no amulet)
rElec   +            m - ring "Izemuuka" {+Blink rElec rC- MP+9 SInv}
rCorr   .            (no ring)
SInv    +            (no ring)
Will    .....        (no ring)
Stlth   +++          (no ring)
HPRegen 0.28/turn    (no ring)
MPRegen 0.15/turn    (no ring)
                     (no ring)

%: no passive effects
@: heavily drained
A: almost no armour, amphibious, 8 rings, camouflage 1, gelatinous body 1,
(nimble swimmer 1), tentacles
a: Renounce Religion, Evoke Blink


You were on level 7 of the Dungeon.
You worshipped Wu Jian.
Wu Jian was aware of your devotion.
You visited 2 branches of the dungeon, and saw 8 of its levels.

You collected 401 gold pieces.

Inventory:

Missiles
 d - 28 stones
 j - 12 poisoned darts (quivered)
Armour
 a - a +3 buckler (worn)
 l - a +2 hat (worn)
Jewellery
 c - a ring of ice
 m - the ring "Izemuuka" (left tentacle) {+Blink rElec rC- MP+9 SInv}
   (You acquired it on level 6 of the Dungeon)

   [ring of magical power]

   rC-:       It makes you vulnerable to cold.
   rElec:     It insulates you from electricity.
   MP+9:      It affects your magic capacity (+9).
   SInv:      It lets you see invisible.
   +Blink:    It lets you blink.
Wands
 n - a wand of roots (4)
Scrolls
 i - 2 scrolls of teleportation
Potions
 b - a potion of might
 e - 2 potions of enlightenment
 f - a potion of heal wounds {unknown}
 g - 2 potions of attraction
 h - a potion of magic {unknown}
 k - 2 potions of curing {unknown}


   Skills:
 + Level 5.5 Fighting
 + Level 5.5 Dodging
 - Level 4.0 Stealth
 - Level 4.0 Shields
 * Level 7.0 Unarmed Combat


You had 7 spell levels left.
You didn't know any spells.
Your spell library contained the following spells:

 Spells                   Type           Power      Damage    Failure   Level
 Foxfire                  Conj/Fire      0%         2x1d4     43%         1
 Dazzling Flash           Conj/Hex       0%         N/A       82%         3
 Gell's Gravitas          Tloc           0%         N/A       82%         3
 Teleport Other           Tloc           0%         N/A       82%         3
 Volatile Blastmotes      Fire/Tloc      0%         2d10      82%         3
 Dispersal                Tloc           0%         N/A       100%        6
 Plasma Beam              Fire/Air       0%         2x1d10    100%        6
 Starburst                Conj/Fire      0%         6d3       100%        6
 Maxwell's Capacitive Co  Air            0%         ∞         100%        8


Dungeon Overview and Level Annotations

Branches:
Dungeon (7/15)             Temple (1/1) D:5

Altars:
Ashenzari
Cheibriados
Dithmenos
Elyvilon
Fedhas
Gozag
Hepliaklqana
Makhleb
Nemelex Xobeh
Okawaru
Ru
Sif Muna
Trog
Uskayaw
Vehumet
Wu Jian
Xom
Yredelemnul
Zin

Annotations:
D:7 Jeremiah


Innate Abilities, Weirdness & Mutations

You cannot wear most types of armour.
You are amphibious.
You can wear up to eight rings at the same time.
Your skin changes colour to match your surroundings (Stealth+).
Your rubbery body absorbs attacks. (AC +1, EV +1)
((You are camouflaged when in or above water. (Stealth+)))
You have tentacles for arms and can constrict up to eight enemies at once.


Message History

You feel drained.
Unknown command.
Jeremiah hops!
You tentacle-slap Jeremiah but do no damage.
Your grab misses Jeremiah. You squeeze Jeremiah.
Jeremiah is lightly wounded.
You completely miss Jeremiah. Your grab misses Jeremiah.
Your tentacle-slap misses Jeremiah.
Your squeeze misses Jeremiah.
Jeremiah is lightly wounded.
Jeremiah asks you, "Where did this trident come from?
Is it yours?"
Jeremiah hops!
You lunge at the butterfly.
You tentacle-slap the butterfly.
You kill the butterfly!
The butterfly disappears in a burst of colours!
You spin and attack the butterfly.
You tentacle-slap the butterfly.
You kill the butterfly!
The butterfly disappears in a burst of colours!
Jeremiah hits you from afar with a +2 trident of draining!
You feel drained.
You closely miss the butterfly. You grab the butterfly.
Your squeeze misses the butterfly. You constrict the butterfly.
You kill the butterfly!
The butterfly disappears in a burst of colours!
Jeremiah hits you from afar with a +2 trident of draining!
* * * LOW HITPOINT WARNING * * *
You feel drained.
* * * LOW HITPOINT WARNING * * *
You tentacle-slap the butterfly.
You kill the butterfly!
The butterfly disappears in a burst of colours!
You block Jeremiah's attack.
Unknown command.
You closely miss the butterfly. Your grab misses the butterfly.
Your squeeze misses the butterfly. Jeremiah barely misses you.
Unknown command.
You miss the butterfly. Your grab misses the butterfly.
The butterfly disappears in a burst of colours!
Jeremiah hits you from afar with a +2 trident of draining!
You die...
Jeremiah wails, "I didn't mean to kill anyone!
I'm not a murderer!"

#.###.###.# #.# #.#
#.# #.###.###.#
#.........#
#........##
#.###.##.#### # #.#
#b##b##b## b# #)#
#...bFb..# .# #)#
####.##@####.####. #.#
#.##...b..b....
#.######.#######.####.
#........# #
##########


You could see Jeremiah.

Vanquished Creatures
  A black bear (D:6)
  An ogre (D:5)
  A kobold brigand (D:4)
  Blork the orc (D:5)
  3 bullfrogs (D:6)
  2 scorpions
  2 bombardier beetles
  4 hounds
  A gnoll bouda (D:5)
  Crazy Yiuf (D:6)
  3 orc priests
  An orc wizard (D:3)
  6 iguanas
  4 gnolls
  4 adders
  A shadow imp (Temple)
  A white imp (D:6)
  6 ufetubi
  2 dart slugs (D:1)
  8 orcs
  10 bats
  4 endoplasms
  8 giant cockroaches
  8 goblins
  5 hobgoblins
  2 quokkas
  9 ball pythons
  3 frilled lizards
  5 kobolds
  4 rats
111 creatures vanquished.

Notes
Turn   | Place    | Note
-------+----------+-------------------------------------------
     0 | D:1      | MollyMolluskus the Octopode Fighter began the quest for the
                  | Orb.
     0 | D:1      | Reached XP level 1. HP: 16/16 MP: 1/1
    88 | D:1      | Reached XP level 2. HP: 16/21 MP: 2/2
   212 | D:1      | Reached skill level 1 in Stealth
   326 | D:1      | Reached XP level 3. HP: 18/26 MP: 3/3
   577 | D:2      | Found a faded altar of an unknown god.
   779 | D:2      | Found an opulent altar of Gozag.
  1006 | D:3      | Reached XP level 4. HP: 31/31 MP: 4/4
  1051 | D:3      | Reached skill level 3 in Unarmed Combat
  1211 | D:3      | Reached XP level 5. HP: 29/36 MP: 5/5
  1805 | D:4      | Reached XP level 6. HP: 41/43 MP: 6/6
  1881 | D:4      | Reached skill level 4 in Unarmed Combat
  2011 | D:4      | Found a shimmering altar of Xom.
  2297 | D:5      | Entered Level 5 of the Dungeon
  2298 | D:5      | Found a staircase to the Ecumenical Temple.
  2302 | Temple   | Entered the Ecumenical Temple
  2315 | Temple   | Became a worshipper of the Wu Jian Council
  2334 | Temple   | Reached XP level 7. HP: 48/48 MP: 7/7
  2359 | D:5      | Reached skill level 5 in Unarmed Combat
  2803 | D:5      | Noticed Blork the orc
  2813 | D:5      | Killed Blork the orc
  2814 | D:5      | Reached XP level 8. HP: 54/54 MP: 8/8
  2893 | D:5      | Reached skill level 6 in Unarmed Combat
  3010 | D:6      | Reached skill level 5 in Dodging
  3069 | D:6      | Identified a scroll of acquirement
  3069 | D:6      | Acquired the ring "Izemuuka" {+Blink rElec rC- MP+9 SInv}
  3225 | D:6      | Reached skill level 5 in Fighting
  3603 | D:6      | Identified the +4 hammer of Cefesaiq {heavy, rF+ rC+ Str+2}
  3604 | D:6      | Found a runed translucent door.
  3605 | D:6      | Noticed Crazy Yiuf
  3606 | D:6      | Identified the +2 hammer of Yjilyita {pain, rF+++ Will+
                  | Dex-4 Stlth-}
  3795 | D:6      | Killed Crazy Yiuf
  3916 | D:7      | Reached * piety under Wu Jian
  3917 | D:7      | Reached skill level 7 in Unarmed Combat
  3961 | D:7      | Noticed Jeremiah
  3979 | D:7      | Slain by Jeremiah

Illustrated notes

Levels and vault maps discovered:
D:1:      eino_arrival_tree_alley, layout_basic
D:2:      layout_rooms, ebering_ecumenical_altar_mist, basic_altar,
          kennysheep_generic_room_12
D:3:      layout_loops_ring
D:4:      layout_cave_pools, brannock_xom_greatest_gift
D:5:      layout_cave_pools, minmay_temple_entry_butterflies, kennysheep_nub,
          uniq_blork_the_orc
D:6:      layout_loops_ring, chequers_serial_rivers_micro_c,
          serial_bayou_pond_d, uniq_crazy_yiuf_cottage
D:7:      regret_index_malice_mire, layout_loops_corners, uniq_jeremiah
Temple:   dpeg_three_leaves_temple

Skill      XL: |  1  2  3  4  5  6  7  8 |
---------------+-------------------------+-----
Stealth        | 1 2 3 4 |  4.0
Unarmed Combat | 3 4 5 7 |  7.0
Shields        | 4 |  4.0
Fighting       | 4 5 |  5.5
Dodging        | 4 5 |  5.5

Action                     |  1- 3 |  4- 6 |  7- 9 || total
---------------------------+-------+-------+-------++-------
  Melee: Unarmed           |    74 |    74 |   112 ||   260
         Constrict         |    21 |    23 |    32 ||    76
         Tentacles         |    14 |    14 |    35 ||    63
         Punch             |     3 |     2 |     7 ||    12
  Throw: Stone             |     1 |       |       ||     1
         Dart              |       |       |     4 ||     4
Ability: Lunge             |       |       |    23 ||    23
         Whirlwind         |       |       |     1 ||     1
    Use: Scroll            |     8 |     4 |     7 ||    19
   Stab: Sleeping          |     6 |     5 |    13 ||    24
 Armour: Skin              |    30 |    19 |    37 ||    86
  Dodge: Dodged            |    47 |    35 |    39 ||   121
  Block: Buckler           |    12 |    20 |    36 ||    68
